AoeStats
← DK_Odysseo

Nomad

505748733Analyzed
4v4 RM · 21d ago on Sep 10, 2026· 26m 0s· 8 players
Game mode
Random Map
Map size
231×231
Population
200
Speed
Normal
Resources
Standard
Victory
Conquest
Starting age
Dark Age
Ending age
Imperial Age
RankedLock teamsTeams togetherTeam positionsShared explorationLock speedFull tech treeHidden civsTurbo modeCheats
Victory
Defeat
🇹🇷 Vikings · Türkiye
2042
+6
🇺🇸 Sicilians · United States
1851
+12
🇺🇸 Spanish · United States
1814
+13
🇹🇷 Persians · Türkiye
1517
+25
🇪🇸 Mongols · Spain
2044
-26
🇨🇱 Dravidians · Chile
1683
-11
🇪🇸 Wu · Spain
1679
-11
🇪🇸 Poles · Spain
1606
-8
AVCI
9:32 Loom
13:44 Feudal Age
19:14 Double-Bit Axe
25:12 Wheelbarrow
27:53 Castle Age
Calais
4:44 Loom
13:03 Feudal Age
13:57 Town Watch
16:53 Castle Age
16:51 Double-Bit Axe
24:44 Padded Archer Armor
24:29 Horse Collar
Eli
13:13 Feudal Age
16:55 Castle Age
15:42 Double-Bit Axe
16:04 Fishing Lines
16:57 Light Cavalry
17:49 Bow Saw
18:44 Scale Barding Armor
22:33 Horse Collar
25:19 Wheelbarrow
26:06 Chain Barding Armor
BoyWonder_
14:36 Feudal Age
15:26 Fishing Lines
18:10 Castle Age
16:07 Double-Bit Axe
16:36 Fletching
16:39 Gold Mining
17:53 Town Watch
19:07 Bow Saw
18:48 Gillnets
19:35 Gold Shaft Mining
19:02 Bodkin Arrow
20:50 Clinker Construction
21:22 Ballistics
21:32 Stone Mining
24:31 Scale Mail Armor
24:41 Forging
24:43 Man-at-Arms
25:24 Squires
25:41 Chain Mail Armor
25:13 Gambesons
25:39 Long Swordsman
DK_Odysseo
8:14 Loom
14:06 Feudal Age
14:42 Double-Bit Axe
17:13 Gold Mining
22:08 Castle Age
23:23 Bow Saw
23:04 Horse Collar
[R1] Pume
13:54 Feudal Age
14:07 Loom
17:32 Castle Age
15:25 Double-Bit Axe
15:58 Fishing Lines
18:25 Medium Warships
18:26 Bow Saw
18:57 Gillnets
26:30 Wheelbarrow
25:40 Town Watch
DK_Nightclaim
10:21 Loom
13:41 Feudal Age
17:37 Castle Age
16:56 Double-Bit Axe
17:37 Horse Collar
18:29 Medium Warships
20:02 Bow Saw
20:49 Caravan
26:40 Wheelbarrow
DK_Partyman96
4:43 Loom
13:04 Feudal Age
13:32 Fishing Lines
13:40 Double-Bit Axe
15:58 Town Watch
22:17 Castle Age
Connection lost

Rejoining the realm…

Still unreachable

The connection could not be restored.

Session expired

The server has moved on; the page needs a fresh start.